 Dungeon Crawl Stone Soup version 0.27-a0-1136-g0b992a5a9d (webtiles) character file.

Game seed: 2527637010799708413

6008 robertstho the Cleaver (level 10, -2/94 HPs)
             Began as a Minotaur Berserker on May 5, 2021.
             Was an Elder of Trog.
             Slain by a skeletal warrior
             ... wielding a +1 vorpal glaive
              (14 damage)
             ... while petrified by a basilisk
             ... on level 8 of the Dungeon.
             The game lasted 00:09:24 (7835 turns).

robertstho the Cleaver (Minotaur Berserker)         Turns: 7835, Time: 00:09:24

Health: -2/94      AC: 13    Str: 24    XL:     10   Next: 56%
Magic:  9/9        EV:  2    Int:  5    God:    Trog [****..]
Gold:   511        SH:  0    Dex: 10    Spells: 9/9 levels left

rFire    . . .     SeeInvis +   i - +0 war axe
rCold    . . .     Faith    .   e - +0 kite shield
rNeg     + + +     Spirit   .   a - +0 chain mail
rPois    ∞         Reflect  .   (helmet restricted)
rElec    .         Harm     .   m - +0 cloak
rCorr    .         Rampage  .   (no gloves)
Will     .....                  (no boots)
Stlth    ..........             (no amulet)
HPRegen  0.25/turn              d - ring of see invisible
MPRegen  0.11/turn              (no ring)

@: petrified, spiked
A: horns 2, retaliatory headbutt
a: Renounce Religion, Berserk, Trog's Hand, Brothers in Arms


You were on level 8 of the Dungeon.
You worshipped Trog.
Trog was greatly pleased with you.
You visited 1 branch of the dungeon, and saw 8 of its levels.
You also visited: Sewer.

You collected 511 gold pieces.

Inventory:

Hand Weapons
 i - a +0 war axe (weapon)
Armour
 a - a +0 chain mail (worn)
 e - a +0 kite shield (worn)
 m - a +0 cloak (worn)
Jewellery
 d - a ring of see invisible (left hand)
 p - a +6 ring of strength
Wands
 k - a wand of paralysis (8)
 s - a wand of iceblast (10)
Scrolls
 b - a scroll of magic mapping {unknown}
 f - a scroll of torment {unknown}
 h - 7 scrolls of teleportation {unknown}
 j - a scroll of enchant weapon {unknown}
 o - a scroll of immolation
 q - a scroll of blinking {unknown}
Potions
 c - 2 potions of attraction
 g - a potion of curing
 l - 2 potions of flight {unknown}
 n - a potion of mutation {unknown}
 r - a potion of heal wounds {unknown}


   Skills:
 * Level 10.5 Fighting
 + Level 11.0 Axes
 * Level 10.1 Armour
 + Level 3.6 Dodging
 + Level 1.3 Stealth
 + Level 6.5 Shields


You had 9 spell levels left.
You didn't know any spells.
Your spell library was empty.

Dungeon Overview and Level Annotations

Branches:
Dungeon (8/15)             Temple (0/1) D:5           Sewer (visited)
   Lair: D:8-11

Altars:
Fedhas
Xom
The Shining One

Shops:
D:1 [

Annotations:
D:6 1 runed translucent door


Innate Abilities, Weirdness & Mutations

You have a pair of horns on your head.
You reflexively headbutt those who attack you in melee.


Message History

The manticore bites your ogre! The manticore claws your ogre! x2
Your ogre dies!
Your ogre's corpse disappears in a puff of smoke!
The basilisk bites you!
You have turned to stone.
The manticore flicks its tail.
The volley of spikes hits you!
The barbed spikes become lodged in your body.
The skeletal warrior hits you from afar with a +1 vorpal glaive!
The basilisk bites you!
The skeletal warrior hits you from afar with a +1 vorpal glaive!
The manticore flicks its tail.
The volley of spikes hits you!
The barbed spikes become lodged in your body.
The basilisk bites you but does no damage.
The skeletal warrior hits you but does no damage.
The basilisk bites you.
The skeletal warrior hits you from afar with a +1 vorpal glaive!
The manticore bites you!
* * * LOW HITPOINT WARNING * * *
The manticore claws you but does no damage. x2
The basilisk bites you but does no damage.
The skeletal warrior hits you from afar with a +1 vorpal glaive.
* * * LOW HITPOINT WARNING * * *
The manticore barely misses you.
The manticore claws you but does no damage.
The manticore claws you. The basilisk completely misses you.
The manticore bites you but does no damage.
The manticore claws you!
* * * LOW HITPOINT WARNING * * *
The manticore claws you but does no damage.
The skeletal warrior hits you but does no damage.
The basilisk bites you but does no damage.
The manticore bites you but does no damage.
The manticore barely misses you.
The manticore claws you but does no damage.
The skeletal warrior hits you from afar with a +1 vorpal glaive!
* * * LOW HITPOINT WARNING * * *
x2 The basilisk bites you.
The skeletal warrior hits you from afar with a +1 vorpal glaive!!
You die...

.. .## #.... #.#.#
#.#.### #.....###
#.......###
#..#.#....###
#..#.###..@l#
#......###.Hz.#
#........###....#
#....##...)###...}
#........### .##
#......###. #
#..#)###...
##+##.(#)#....# #
###<.##.....(.#
#..


You could see a skeletal warrior, a manticore and a basilisk.

Vanquished Creatures
  The ghost of OTABOTABOTAB the Cleaver, a novice MiBe of Trog (D:6)
  Pikel (D:5)
  A cyclops (D:8)
  A gargoyle (D:8)
  A meliai (D:8)
  Grinder (D:6)
  Sigmund (D:2)
  4 yaks (D:6)
  Duvessa (D:6)
  An orc warrior (D:8)
  A sky beast (D:6)
  An ice beast (D:5)
  Purgy (Sewer)
  3 ogres
  2 black bears
  A centaur (D:6)
  3 necrophages
  A lemure (D:5)
  A phantom (D:6)
  Blork the orc (D:6)
  A gnoll sergeant (D:6)
  4 bullfrogs (D:6)
  A wyvern skeleton (D:5)
  2 scorpions
  Dowan (D:6)
  4 killer bees (D:7)
  A water moccasin skeleton (D:5)
  A howler monkey (D:5)
  A bullfrog zombie (D:5)
  A centaur zombie (D:7)
  3 bullfrog skeletons
  5 jellies
  5 orc priests
  A centaur skeleton (D:4)
  3 hounds
  2 iguanas (D:4)
  7 orc wizards
  4 gnolls (D:6)
  11 adders
  A shadow imp (D:5)
  An adder zombie (D:5)
  4 worms
  2 dart slugs
  34 orcs
  9 endoplasms
  8 giant cockroaches
  7 goblins
  5 hobgoblins
  4 kobolds
  4 quokkas
  6 ball pythons
  5 frilled lizards
  7 rats
183 creatures vanquished.

Vanquished Creatures (collateral kills)
  A giant cockroach (D:6)
1 creature vanquished.

Vanquished Creatures (others)
  28 plants (D:8)
28 creatures vanquished.

Grand Total: 212 creatures vanquished

Notes
Turn   | Place    | Note
-------+----------+-------------------------------------------
     0 | D:1      | robertstho the Minotaur Berserker began the quest for the
                  | Orb.
     0 | D:1      | Reached XP level 1. HP: 19/19 MP: 0/0
   484 | D:1      | Reached XP level 2. HP: 22/27 MP: 1/1
   662 | D:1      | Found Piuhob's Armour Emporium.
   703 | D:1      | Found a faded altar of an unknown god.
  1221 | D:2      | Reached skill level 4 in Axes
  1221 | D:2      | Reached XP level 3. HP: 24/34 MP: 2/2
  1426 | D:2      | Noticed Sigmund
  1434 | D:2      | Killed Sigmund
  1435 | D:2      | Reached skill level 5 in Fighting
  1435 | D:2      | Reached skill level 1 in Stealth
  1435 | D:2      | Reached XP level 4. HP: 44/44 MP: 3/3
  1435 | D:2      | Reached XP level 5. HP: 50/50 MP: 4/4
  1817 | D:2      | Reached skill level 5 in Axes
  2042 | D:2      | Reached XP level 6. HP: 57/57 MP: 5/5
  2264 | D:3      | Reached ** piety under Trog
  2440 | D:3      | Reached skill level 1 in Shields
  2984 | D:4      | Found a glowing drain.
  2997 | Sewer    | Entered a sewer
  3105 | Sewer    | Noticed Purgy
  3116 | Sewer    | Killed Purgy
  3230 | D:4      | Reached XP level 7. HP: 57/64 MP: 6/6
  3328 | D:4      | Reached skill level 6 in Axes
  3462 | D:4      | Reached skill level 5 in Armour
  3677 | D:4      | Found a glowing golden altar of the Shining One.
  3901 | D:5      | Entered Level 5 of the Dungeon
  4315 | D:5      | Noticed Pikel
  4326 | D:5      | Killed Pikel
  4327 | D:5      | Reached skill level 7 in Axes
  4327 | D:5      | Reached XP level 8. HP: 74/74 MP: 7/7
  4338 | D:5      | Reached *** piety under Trog
  4507 | D:5      | Found a staircase to the Ecumenical Temple.
  4630 | D:5      | Found a blossoming altar of Fedhas.
  4642 | D:5      | Reached skill level 8 in Axes
  5193 | D:5      | Identified the +8 hunting sling of the Valley {vorpal, rN+
                  | Stlth+}
  5292 | D:6      | Noticed Grinder
  5317 | D:6      | Killed Grinder
  5318 | D:6      | Reached XP level 9. HP: 79/82 MP: 8/8
  5448 | D:6      | Reached skill level 9 in Axes
  5574 | D:6      | Reached skill level 5 in Shields
  5609 | D:6      | Noticed Duvessa
  5609 | D:6      | Noticed Dowan
  5616 | D:6      | Killed Duvessa
  5619 | D:6      | Killed Dowan
  5621 | D:6      | Found a runed translucent door.
  5659 | D:6      | Noticed OTABOTABOTAB's ghost (novice MiBe)
  5678 | D:6      | Noticed Blork the orc
  5685 | D:6      | Killed Blork the orc
  5691 | D:6      | Found a runed translucent door.
  5717 | D:6      | Reached **** piety under Trog
  5980 | D:6      | Reached skill level 10 in Axes
  5996 | D:6      | Killed OTABOTABOTAB's ghost
  5997 | D:6      | Reached skill level 10 in Fighting
  5997 | D:6      | Reached XP level 10. HP: 67/93 MP: 9/9
  6491 | D:7      | Found a shimmering altar of Xom.
  7613 | D:8      | Noticed a gargoyle
  7615 | D:8      | Noticed a cyclops
  7620 | D:8      | Killed a gargoyle
  7626 | D:8      | Killed a cyclops
  7627 | D:8      | Reached skill level 11 in Axes
  7627 | D:8      | Reached skill level 10 in Armour
  7822 | D:8      | Noticed a manticore
  7822 | D:8      | Noticed a skeletal warrior
  7835 | D:8      | Slain by a skeletal warrior

Illustrated notes

Levels and vault maps discovered:
D:1:      minmay_arrival_hallway, layout_loops_ring,
          shapermc_ecumenical_altar_hornbeckon, serial_shops,
          nicolae_shop_temple_entry_statues_fountains
D:2:      layout_basic, grunt_decor_arrowhead, st_stairs_1, hex_medium,
          uniq_sigmund
D:3:      layout_rooms
D:4:      layout_basic, nicolae_tso_carved_into_rock, portal_sewer_entry_f
D:5:      layout_basic, lemuel_doored_altar, temple_pool_b,
          corexii_corridor_pit, hangedman_decor_riveting, minmay_starry_boxes,
          uniq_pikel
D:6:      layout_cave_pools, ebering_ghost_sewer_f, st_stairs_9, uniq_duvessa,
          uniq_blork_the_orc, uniq_grinder
D:7:      layout_gridville, amcnicky_altar_gilded
D:8:      minmay_tri_box, layout_gridville, nemelex_xobeh_ov_fountains_minmay,
          david_lair_shrubbed, serial_shops, kennysheep_little_box,
          gammafunk_ghost_nasty_kobolds, kennysheep_small_square

Skill      XL: |  1  2  3  4  5  6  7  8  9 10 |
---------------+-------------------------------+-----
Fighting       | 4 5 6 7 8 10 | 10.5
Axes           | 4 5 7 8 10 11 | 11.0
Armour         | 3 4 6 7 9 10 | 10.1
Stealth        | 1 |  1.3
Shields        | 1 3 4 6 |  6.5
Dodging        | 3 |  3.6

Action                   |  1- 3 |  4- 6 |  7- 9 | 10-12 || total
-------------------------+-------+-------+-------+-------++-------
Melee: Hand axe          |    46 |    22 |       |       ||    68
       Headbutt          |     4 |    19 |    48 |    13 ||    84
       War axe           |       |    82 |   195 |    90 ||   367
Invok: Berserk           |     3 |     2 |     7 |     3 ||    15
       Brothers in Arms  |       |       |     1 |     1 ||     2
       Trog's Hand       |       |       |     1 |       ||     1
  Use: Scroll            |     1 |     3 |     3 |       ||     7
 Stab: Sleeping          |     2 |       |       |       ||     2
       Distracted        |       |       |     1 |       ||     1
Armor: Animal skin       |     3 |       |       |       ||     3
       Ring mail         |     8 |    22 |       |       ||    30
       Scale mail        |       |    33 |       |       ||    33
       Chain mail        |       |       |   107 |    67 ||   174
Dodge: Dodged            |    20 |    37 |    71 |    30 ||   158
Block: Kite shield       |    10 |    48 |   110 |    46 ||   214

Table legend: (Time is in decaauts)
 A = Elapsed time spent in this place.
 B = Non-inter-level travel time spent in this place.
 C = Inter-level travel time spent in this place.
 D = Time resting spent in this place.
 E = Time spent auto-exploring this place.
 F = Levels seen in this place.
 G = Mean time per level.
                   A        B        C        D        E       F      G
               +--------+--------+--------+--------+--------+-----+--------+
         Total |   8108 |   7836 |    272 |    961 |   5656 |   9 |  900.9 |
       Dungeon |   7893 |   7621 |    272 |    961 |   5518 |   8 |  986.6 |
         Sewer |    214 |    214 |      0 |      0 |    138 |   1 |  214.0 |
               +--------+--------+--------+--------+--------+-----+--------+

Top non-repeatable levels by time:
     D:7: 1402 daAuts
     D:5: 1394 daAuts
     D:1: 1295 daAuts
     D:2: 981 daAuts
     D:6: 927 daAuts
     D:4: 792 daAuts
     D:3: 747 daAuts
     D:8: 352 daAuts
   Sewer: 214 daAuts
